Punishers vs Sewer Rats

Created - November 14, 2020 at 00:29

Goals
1 2 3 T
Punishers 0 3 0 3
Sewer Rats 0 1 0 1
Shots
1 2 3 T
Punishers 11 10 14 35
Sewer Rats 16 20 5 41

1st period

No Goal

Penalties :
No Penalty

2nd period

1. Sewer Rats , Erik Condra 11 (Joseph Blandisi 4, Jonathan Marchessault 9) at 0:48 (PP)
2. Punishers , Carter Ashton 5 (Fredrik Claesson 4) at 4:54
3. Punishers , Miikka Salomaki 15 (Radek Faksa 18, Tyler Bertuzzi 7) at 5:08 (PP)
4. Punishers , Madison Bowey 1 (Miikka Salomaki 12, Adam Pelech 6) at 12:32 (PP)

Penalties :
Miikka Salomaki (Pro) for Tripping (Minor) at 0:11, Joseph Cramarossa (Pro) for Hooking (Minor) at 2:04, Mark Mancari (Tol) for Holding (Minor) at 4:57, Radek Faksa (Pro) for Hooking (Minor) at 9:31, Jared McCann (Tol) for Kneeing (Minor) at 12:13, Nikita Gusev (Pro) for Slashing (Minor) at 13:17

3rd period

No Goal

Penalties :
Jarred Tinordi (Tol) for Holding (Minor) at 0:26, Anton Blidh (Pro) for Roughing (Minor) at 6:45, Daniel Carr (Tol) for Hooking (Minor) at 15:11

Goalie Stats

Louis Domingue (Pro), 40 saves from 41 shots - (0.976), W, 5-2-0, 60:00 minutes
Darcy Kuemper (Tol), 32 saves from 35 shots - (0.914), L, 2-1-0, 60:00 minutes

Players Stats for Punishers

Player Name              G  A  P  +/- PIM S  H  SB GA TA FO     MP     PP MP  PK MP  
------------------------------------------------------------------------------------
Adam Pelech              0  1  1   0  0   3  1  1  1  1  0/0    25:26   2:50   5:12 
Alex Schoenborn          0  0  0   0  0   0  0  0  0  0  0/0     0:08   0:03   0:00 
Anton Blidh              0  0  0   0  2   2  1  0  1  0  0/0     7:27   0:00   0:19 
Austen Brassard          0  0  0   0  0   2  0  0  0  0  0/0     6:53   0:00   0:00 
Brett Kulak              0  0  0   1  0   0  2  4  0  3  0/0    19:14   1:38   3:21 
Carter Ashton            1  0  1   1  0   6  0  0  2  1  3/3    11:41   0:00   0:00 
Connor Clifton           0  0  0   0  0   1  0  1  0  1  0/0    12:15   0:00   0:18 
Daniel Audette           0  0  0   0  0   0  0  0  0  0  0/2     6:53   0:00   0:00 
Elias Lindholm           0  0  0   0  0   1  1  0  0  1  5/15   17:52   1:37   2:19 
Fredrik Claesson         0  1  1   1  0   1  1  2  0  0  0/0    19:14   1:38   3:21 
Gabriel Gagne            0  0  0   0  0   0  0  0  0  0  0/0     0:00   0:00   0:00 
John Quenneville         0  0  0   1  0   2  1  0  0  0  4/11   11:41   0:00   0:00 
Joseph Cramarossa        0  0  0   1  2   1  0  0  0  0  0/1    12:45   0:00   0:59 
Madison Bowey            1  0  1   0  0   2  2  0  1  0  0/0    28:31   2:50   4:54 
Mattias Tedenby          0  0  0   0  0   5  3  1  1  2  0/1    20:05   1:37   4:32 
Michael Joly             0  0  0   0  0   0  0  0  0  0  0/0     0:16   0:10   0:00 
Miikka Salomaki          1  1  2   0  2   4  1  0  1  0  1/7    20:57   2:44   4:10 
Nicolas Roy              0  0  0   0  0   0  0  0  0  0  0/0     2:46   0:00   2:36 
Nikita Gusev             0  0  0   0  2   1  2  0  2  0  1/1    15:36   1:37   0:00 
Niko Mikkola             0  0  0   0  0   0  0  0  0  0  0/0     3:23   0:00   0:00 
Noah Juulsen             0  0  0   0  0   0  0  1  0  1  0/0    11:57   0:00   0:00 
Radek Faksa              0  1  1   0  2   2  1  0  0  0  12/30  19:30   2:48   2:11 
Tyler Bertuzzi           0  1  1   0  0   2  2  0  0  0  1/2    16:52   2:48   0:00 

Players Stats for Sewer Rats

Player Name              G  A  P  +/- PIM S  H  SB GA TA FO     MP     PP MP  PK MP  
------------------------------------------------------------------------------------
Anthony Duclair          0  0  0  -1  0   0  0  1  1  0  0/0    10:51   0:00   0:00 
Connor Carrick           0  0  0   0  0   1  0  1  0  1  0/0     9:59   0:00   1:14 
Daniel Carr              0  0  0   0  2   5  2  1  1  1  1/2    20:11   4:18   0:41 
Dmitrij Jaskin           0  0  0  -1  0   5  0  0  1  1  1/1    10:56   0:00   0:00 
Drake Caggiula           0  0  0  -1  0   1  0  0  0  0  4/8    11:09   0:00   0:18 
Erik Condra              1  0  1   0  0   5  3  0  1  0  2/2    18:41   4:15   0:57 
Jared McCann             0  0  0   0  2   0  0  0  0  0  5/5     7:19   0:00   0:00 
Jarred Tinordi           0  0  0  -1  2   1  0  0  0  1  0/0    19:32   0:00   1:42 
Joel Edmundson           0  0  0   0  0   4  1  2  1  0  0/0    20:53   3:47   1:32 
John Ramage              0  0  0   0  0   1  2  2  0  4  0/0    20:53   3:47   1:32 
Jonathan Marchessault    0  1  1   0  0   3  1  0  2  0  9/17   17:44   4:15   0:00 
Joseph Blandisi          0  1  1   0  0   2  1  0  1  0  0/1    18:05   4:15   0:21 
Mark Mancari             0  0  0   0  2   3  2  0  0  0  1/1    22:07   4:18   2:36 
Nick Cousins             0  0  0   0  0   0  0  0  1  0  0/0     8:41   0:00   1:16 
Ryan Murphy              0  0  0   0  0   0  1  0  0  0  0/0     8:44   0:00   0:00 
Stefan Elliott           0  0  0  -1  0   5  1  1  0  0  0/0    25:51   4:46   2:56 
Thomas Chabot            0  0  0   0  0   0  0  0  0  0  0/0     9:36   4:46   0:00 
Vincent Trocheck         0  0  0   0  0   2  0  0  1  1  23/36  22:19   4:18   2:47 
Xavier Ouellet           0  0  0   0  0   0  0  0  0  0  0/0     4:32   0:00   0:00 
Zach Aston-Reese         0  0  0   0  0   3  0  0  0  0  0/0     7:25   0:00   0:00 

3 Stars

1 - Louis Domingue (Pro)
2 - Carter Ashton (Pro)
3 - Madison Bowey (Pro)

Power Play

Punishers - 2 on 4 Attempt(s) - 50.00%
Sewer Rats - 1 on 5 Attempt(s) - 20.00%

Penalty Kill

Punishers - 4 on 5 Attempt(s) - 80.00% - Score 0 goal in Penalty Kill
Sewer Rats - 2 on 4 Attempt(s) - 50.00% - Score 0 goal in Penalty Kill

Team Stat

Punishers - Hits : 18 - Faceoff Wins : 27 - Blocked Shots : 10 - Penalty Minutes : 10
Sewer Rats - Hits : 14 - Faceoff Wins : 46 - Blocked Shots : 8 - Penalty Minutes : 8

Official

Referees : Unknown
Linesman : Unknown

Game Notes

No Game Note

Finance

Level 1 -- Attendance: 1549 (77.45%) -- Ticket Income $54,215
Level 2 -- Attendance: 943 (94.30%) -- Ticket Income $16,031
Total Attendance: 2492 (83.07%)
Total Ticket Income: $70,246
Other Income: $3,512
Total Income: $73,758

Punishers

5 vs 5 Forward 
   Center                   Left Wing                Right Wing               Time % Phy DF OF 
 1 Radek Faksa              Tyler Bertuzzi           Miikka Salomaki          40     1   2  2  
 2 Elias Lindholm           Nikita Gusev             Mattias Tedenby          30     1   2  2  
 3 John Quenneville         Joseph Cramarossa        Carter Ashton            20     1   2  2  
 4 Daniel Audette           Anton Blidh              Austen Brassard          10     1   2  2  

5 vs 5 Defense 
   Defense                  Defense                                           Time % Phy DF OF 
 1 Madison Bowey            Adam Pelech                                       40     1   2  2  
 2 Brett Kulak              Fredrik Claesson                                  30     1   2  2  
 3 Noah Juulsen             Connor Clifton                                    20     1   2  2  
 4 Niko Mikkola             Madison Bowey                                     10     1   2  2  

PowerPlay Forward 
   Center                   Left Wing                Right Wing               Time % Phy DF OF 
 1 Radek Faksa              Tyler Bertuzzi           Miikka Salomaki          60     1   2  2  
 2 Elias Lindholm           Nikita Gusev             Mattias Tedenby          40     1   2  2  

PowerPlay Defense
   Defense                  Defense                                           Time % Phy DF OF 
 1 Madison Bowey            Adam Pelech                                       60     1   2  2  
 2 Brett Kulak              Fredrik Claesson                                  40     1   2  2  

Penalty Kill 4 Players Forward 
   Center                   Wing                     Time % Phy DF OF 
 1 Miikka Salomaki          Mattias Tedenby          60     1   2  2  
 2 Radek Faksa              Elias Lindholm           40     1   2  2  

Penalty Kill 4 Players Defense
   Defense                  Defense                  Time % Phy DF OF 
 1 Madison Bowey            Adam Pelech              60     1   2  2  
 2 Brett Kulak              Fredrik Claesson         40     1   2  2  

Penalty Kill - 3 Players Forward 
   Forward                                           Time % Phy DF OF 
 1 Miikka Salomaki                                   60     1   2  2  
 2 Mattias Tedenby                                   40     1   2  2  

Penalty Kill - 3 Players Defense
   Defense                  Defense                  Time % Phy DF OF 
 1 Madison Bowey            Adam Pelech              60     1   2  2  
 2 Brett Kulak              Fredrik Claesson         40     1   2  2  

4 vs 4 Forward 
   Center                   Wing                     Time % Phy DF OF 
 1 Miikka Salomaki          Mattias Tedenby          60     1   2  2  
 2 Radek Faksa              Elias Lindholm           40     1   2  2  

4 vs 4 Defense
   Defense                  Defense                  Time % Phy DF OF 
 1 Madison Bowey            Adam Pelech              60     1   2  2  
 2 Brett Kulak              Fredrik Claesson         40     1   2  2  

Last Minutes Offensive
   Center                   Left Wing                Right Wing               Defense                  Defense                  
   Radek Faksa              Tyler Bertuzzi           Miikka Salomaki          Madison Bowey            Adam Pelech              

Last Minutes Defensive
   Center                   Left Wing                Right Wing               Defense                  Defense                  
   Radek Faksa              Tyler Bertuzzi           Miikka Salomaki          Madison Bowey            Adam Pelech              

Goaltenders
Starting : Louis Domingue           
Backup : Daniel Altshuller        

Extra Forwards
Normal : Michael Joly, Alex Schoenborn, Nicolas Roy - PP : Michael Joly, Alex Schoenborn - PK : Nicolas Roy
Extra Defensemen
Normal : Noah Juulsen, Connor Clifton, Niko Mikkola - PP : Noah Juulsen - PK : Connor Clifton, Niko Mikkola
Penalty Shots
Miikka Salomaki, Mattias Tedenby, Radek Faksa, Elias Lindholm, Tyler Bertuzzi

Scratches
Andreas Athanasiou (Broken Bone (Right Arm) Injury), Ben Betker (Healthy), Austin Wagner (Healthy), Samuel Morin (Broken Right Thumb Injury), Zack Hamill (Healthy)

Sewer Rats

5 vs 5 Forward 
   Center                   Left Wing                Right Wing               Time % Phy DF OF 
 1 Vincent Trocheck         Daniel Carr              Mark Mancari             40     1   2  2  
 2 Jonathan Marchessault    Joseph Blandisi          Erik Condra              30     1   2  2  
 3 Drake Caggiula           Anthony Duclair          Dmitrij Jaskin           20     1   2  2  
 4 Jared McCann             Zach Aston-Reese         Nick Cousins             10     1   2  2  

5 vs 5 Defense 
   Defense                  Defense                                           Time % Phy DF OF 
 1 Stefan Elliott           Jarred Tinordi                                    40     1   2  2  
 2 Joel Edmundson           John Ramage                                       30     1   2  2  
 3 Ryan Murphy              Connor Carrick                                    20     1   2  2  
 4 Thomas Chabot            Xavier Ouellet                                    10     1   2  2  

PowerPlay Forward 
   Center                   Left Wing                Right Wing               Time % Phy DF OF 
 1 Vincent Trocheck         Daniel Carr              Mark Mancari             60     1   2  2  
 2 Jonathan Marchessault    Joseph Blandisi          Erik Condra              40     1   2  2  

PowerPlay Defense
   Defense                  Defense                                           Time % Phy DF OF 
 1 Thomas Chabot            Stefan Elliott                                    60     1   2  2  
 2 Joel Edmundson           John Ramage                                       40     1   2  2  

Penalty Kill 4 Players Forward 
   Center                   Wing                     Time % Phy DF OF 
 1 Vincent Trocheck         Mark Mancari             60     1   2  2  
 2 Daniel Carr              Erik Condra              40     1   2  2  

Penalty Kill 4 Players Defense
   Defense                  Defense                  Time % Phy DF OF 
 1 Stefan Elliott           Jarred Tinordi           60     1   2  2  
 2 Joel Edmundson           John Ramage              40     1   2  2  

Penalty Kill - 3 Players Forward 
   Forward                                           Time % Phy DF OF 
 1 Vincent Trocheck                                  60     1   2  2  
 2 Mark Mancari                                      40     1   2  2  

Penalty Kill - 3 Players Defense
   Defense                  Defense                  Time % Phy DF OF 
 1 Stefan Elliott           Jarred Tinordi           60     1   2  2  
 2 Joel Edmundson           John Ramage              40     1   2  2  

4 vs 4 Forward 
   Center                   Wing                     Time % Phy DF OF 
 1 Vincent Trocheck         Mark Mancari             60     1   2  2  
 2 Daniel Carr              Erik Condra              40     1   2  2  

4 vs 4 Defense
   Defense                  Defense                  Time % Phy DF OF 
 1 Stefan Elliott           Jarred Tinordi           60     1   2  2  
 2 Joel Edmundson           John Ramage              40     1   2  2  

Last Minutes Offensive
   Center                   Left Wing                Right Wing               Defense                  Defense                  
   Vincent Trocheck         Daniel Carr              Mark Mancari             Stefan Elliott           Jarred Tinordi           

Last Minutes Defensive
   Center                   Left Wing                Right Wing               Defense                  Defense                  
   Vincent Trocheck         Daniel Carr              Mark Mancari             Stefan Elliott           Jarred Tinordi           

Goaltenders
Starting : Darcy Kuemper            
Backup : Marek Mazanek            

Extra Forwards
Normal : Zach Aston-Reese, Dmitrij Jaskin, Nick Cousins - PP : Zach Aston-Reese, Dmitrij Jaskin - PK : Nick Cousins
Extra Defensemen
Normal : Ryan Murphy, Connor Carrick, Thomas Chabot - PP : Ryan Murphy - PK : Connor Carrick, Thomas Chabot
Penalty Shots
Vincent Trocheck, Mark Mancari, Daniel Carr, Erik Condra, Jonathan Marchessault

Scratches
Dominik Kubalik (Healthy), Josh Archibald (Healthy), Jonathan Racine (Healthy), Tyler Motte (Healthy), Chris Calhan (Healthy)
Mark Friedman (Healthy), Michael Dal Colle (Healthy), Matteson Iacopelli (Healthy), Adin Hill (Healthy), Antoine Bibeau (Healthy)

% Time on Ice - Punishers

Lines # - Real PCT - Wanted PCT - Time Play
Normal Forward
1 - 31% - 40% - 14:24
2 - 30% - 30% - 14:01
3 - 25% - 20% - 11:41
4 - 15% - 10% - 6:53
Normal Defense
1 - 37% - 40% - 17:24
2 - 30% - 30% - 14:15
3 - 25% - 20% - 11:57
4 - 7% - 10% - 3:23
PP Forward
1 - 64% - 60% - 2:51
2 - 36% - 40% - 1:37
PP Defense
1 - 63% - 60% - 2:50
2 - 37% - 40% - 1:38
PK Forward
1 - 73% - 60% - 6:14
2 - 27% - 40% - 2:19
PK Defense
1 - 61% - 60% - 5:12
2 - 39% - 40% - 3:21
PK3 Forward
1 - 0% - 60%
2 - 0% - 40%
PK3 Defense
1 - 0% - 60%
2 - 0% - 40%
44 Forward
1 - 0% - 60%
2 - 0% - 40%
44 Defense
1 - 0% - 60%
2 - 0% - 40%
Last Minute Offensive  - 0:00
Last Minute Defensive  - 0:00
Total
Forward - 60:00
Defense - 60:00

% Time on Ice - Sewer Rats

Lines # - Real PCT - Wanted PCT - Time Play
Normal Forward
1 - 32% - 40% - 15:14
2 - 29% - 30% - 13:34
3 - 23% - 20% - 10:51
4 - 16% - 10% - 7:20
Normal Defense
1 - 39% - 40% - 18:09
2 - 33% - 30% - 15:34
3 - 19% - 20% - 8:44
4 - 10% - 10% - 4:32
PP Forward
1 - 50% - 60% - 4:18
2 - 50% - 40% - 4:15
PP Defense
1 - 56% - 60% - 4:46
2 - 44% - 40% - 3:47
PK Forward
1 - 79% - 60% - 3:31
2 - 21% - 40% - 0:57
PK Defense
1 - 66% - 60% - 2:56
2 - 34% - 40% - 1:32
PK3 Forward
1 - 0% - 60%
2 - 0% - 40%
PK3 Defense
1 - 0% - 60%
2 - 0% - 40%
44 Forward
1 - 0% - 60%
2 - 0% - 40%
44 Defense
1 - 0% - 60%
2 - 0% - 40%
Last Minute Offensive  - 0:00
Last Minute Defensive  - 0:00
Total
Forward - 60:00
Defense - 60:00

Play-by-Play

1st period


0:01 of 1st period - Radek Faksa wins face-off versus Vincent Trocheck in neutral zone.
0:04 of 1st period - Jarred Tinordi is hit by Tyler Bertuzzi.
0:17 of 1st period - Icing by Stefan Elliott.
0:18 of 1st period - Vincent Trocheck wins face-off versus Elias Lindholm in Sewer Rats zone.
0:34 of 1st period - Snap shot by Daniel Carr.
0:34 of 1st period - Shot Blocked by Brett Kulak.
1:11 of 1st period - Snap shot by Mark Mancari.
1:11 of 1st period - Stopped by Louis Domingue without a rebound.
1:12 of 1st period - Carter Ashton wins face-off versus Jonathan Marchessault in Punishers zone.
1:27 of 1st period - Snap shot by Carter Ashton.
1:27 of 1st period - Stopped by Darcy Kuemper without a rebound.
1:28 of 1st period - Radek Faksa wins face-off versus Drake Caggiula in Sewer Rats zone.
1:55 of 1st period - Joseph Blandisi is hit by Madison Bowey and loses puck.
3:23 of 1st period - Ryan Murphy is hit by Brett Kulak and loses puck.
3:32 of 1st period - Snap shot by Anton Blidh.
3:32 of 1st period - Stopped by Darcy Kuemper without a rebound.
3:33 of 1st period - Dmitrij Jaskin wins face-off versus John Quenneville in Sewer Rats zone.
3:53 of 1st period - Dmitrij Jaskin is hit by Fredrik Claesson and loses puck.
4:08 of 1st period - Snap shot by Erik Condra.
4:08 of 1st period - Shot Blocked by Brett Kulak.
5:48 of 1st period - Slapshot by Vincent Trocheck.
5:48 of 1st period - Stopped by Louis Domingue without a rebound.
5:49 of 1st period - Vincent Trocheck wins face-off versus Radek Faksa in Punishers zone.
6:02 of 1st period - Snap shot by Vincent Trocheck.
6:02 of 1st period - Shot Misses the Net.
6:04 of 1st period - Slapshot by Joel Edmundson.
6:04 of 1st period - Stopped by Louis Domingue without a rebound.
6:05 of 1st period - Jonathan Marchessault wins face-off versus Elias Lindholm in Punishers zone.
6:20 of 1st period - Slapshot by Mattias Tedenby.
6:20 of 1st period - Shot Misses the Net.
6:53 of 1st period - Snap shot by Anthony Duclair.
6:53 of 1st period - Deflect By Dmitrij Jaskin.
6:53 of 1st period - Shot Blocked by Fredrik Claesson.
6:53 of 1st period - Puck is out of play.
6:54 of 1st period - Elias Lindholm wins face-off versus Drake Caggiula in Punishers zone.
7:14 of 1st period - Snap shot by Anthony Duclair.
7:14 of 1st period - Shot Misses the Net.
7:16 of 1st period - Wrist shot by Dmitrij Jaskin.
7:16 of 1st period - Stopped by Louis Domingue without a rebound.
7:17 of 1st period - Jonathan Marchessault wins face-off versus Radek Faksa in Punishers zone.
7:26 of 1st period - Slapshot by Jonathan Marchessault.
7:26 of 1st period - Stopped by Louis Domingue with a rebound.
7:28 of 1st period - Slapshot by Joel Edmundson.
7:28 of 1st period - Deflect By Jonathan Marchessault.
7:28 of 1st period - Shot Misses the Net.
7:28 of 1st period - Puck is out of play.
7:29 of 1st period - Vincent Trocheck wins face-off versus Miikka Salomaki in Punishers zone.
7:40 of 1st period - Wrist shot by Vincent Trocheck.
7:40 of 1st period - Stopped by Louis Domingue with a rebound.
7:53 of 1st period - Icing by Stefan Elliott.
7:54 of 1st period - John Quenneville wins face-off versus Vincent Trocheck in Sewer Rats zone.
8:33 of 1st period - Slapshot by Mark Mancari.
8:33 of 1st period - Stopped by Louis Domingue without a rebound.
8:34 of 1st period - Jonathan Marchessault wins face-off versus Elias Lindholm in Punishers zone.
8:49 of 1st period - Snap shot by Elias Lindholm.
8:49 of 1st period - Deflect By Mattias Tedenby.
8:49 of 1st period - Stopped by Darcy Kuemper with a rebound.
9:08 of 1st period - Off-side.
9:09 of 1st period - Radek Faksa wins face-off versus Jonathan Marchessault in neutral zone.
10:01 of 1st period - Wrist shot by Anthony Duclair.
10:01 of 1st period - Deflect By Dmitrij Jaskin.
10:01 of 1st period - Shot Misses the Net.
10:01 of 1st period - Puck is out of play.
10:02 of 1st period - John Quenneville wins face-off versus Drake Caggiula in Punishers zone.
11:03 of 1st period - Wrist shot by Dmitrij Jaskin.
11:03 of 1st period - Stopped by Louis Domingue without a rebound.
11:04 of 1st period - Vincent Trocheck wins face-off versus Tyler Bertuzzi in Punishers zone.
11:22 of 1st period - Icing by Tyler Bertuzzi.
11:23 of 1st period - Jonathan Marchessault wins face-off versus Radek Faksa in Punishers zone.
11:52 of 1st period - Snap shot by Mattias Tedenby.
11:52 of 1st period - Stopped by Darcy Kuemper with a rebound.
11:54 of 1st period - Slapshot by Fredrik Claesson.
11:54 of 1st period - Shot Blocked by Daniel Carr.
11:58 of 1st period - Snap shot by Mattias Tedenby.
11:58 of 1st period - Stopped by Darcy Kuemper with a rebound.
12:04 of 1st period - Wrist shot by Nikita Gusev.
12:04 of 1st period - Stopped by Darcy Kuemper with a rebound.
13:10 of 1st period - Slapshot by Madison Bowey.
13:10 of 1st period - Shot Hit the Post.
13:12 of 1st period - Wrist shot by Adam Pelech.
13:12 of 1st period - Stopped by Darcy Kuemper with a rebound.
13:14 of 1st period - Slapshot by Madison Bowey.
13:14 of 1st period - Shot Misses the Net.
13:16 of 1st period - Slapshot by Madison Bowey.
13:16 of 1st period - Shot Misses the Net.
13:23 of 1st period - Icing by Joel Edmundson.
13:24 of 1st period - Nikita Gusev wins face-off versus Jonathan Marchessault in Sewer Rats zone.
13:53 of 1st period - Wrist shot by Daniel Carr.
13:53 of 1st period - Shot Misses the Net.
13:55 of 1st period - Slapshot by John Ramage.
13:55 of 1st period - Stopped by Louis Domingue with a rebound.
13:57 of 1st period - Snap shot by Daniel Carr.
13:57 of 1st period - Stopped by Louis Domingue with a rebound.
13:59 of 1st period - Slapshot by Joel Edmundson.
13:59 of 1st period - Stopped by Louis Domingue without a rebound.
14:00 of 1st period - Radek Faksa wins face-off versus Vincent Trocheck in Punishers zone.
14:11 of 1st period - Snap shot by Mark Mancari.
14:11 of 1st period - Stopped by Louis Domingue without a rebound.
14:12 of 1st period - Vincent Trocheck wins face-off versus Radek Faksa in Punishers zone.
14:23 of 1st period - Wrist shot by Daniel Carr.
14:23 of 1st period - Shot Misses the Net.
14:43 of 1st period - Off-side.
14:44 of 1st period - Jonathan Marchessault wins face-off versus Elias Lindholm in neutral zone.
14:54 of 1st period - Wrist shot by Jonathan Marchessault.
14:54 of 1st period - Stopped by Louis Domingue without a rebound.
14:55 of 1st period - Vincent Trocheck wins face-off versus Miikka Salomaki in Punishers zone.
15:20 of 1st period - Daniel Carr is hit by Madison Bowey.
16:27 of 1st period - Slapshot by Radek Faksa.
16:27 of 1st period - Shot Blocked by Anthony Duclair.
16:29 of 1st period - Wrist shot by Tyler Bertuzzi.
16:29 of 1st period - Shot Blocked by John Ramage.
16:31 of 1st period - Snap shot by Tyler Bertuzzi.
16:31 of 1st period - Shot Misses the Net.
16:33 of 1st period - Slapshot by Tyler Bertuzzi.
16:33 of 1st period - Stopped by Darcy Kuemper without a rebound.
16:34 of 1st period - Erik Condra wins face-off versus Elias Lindholm in Sewer Rats zone.
17:22 of 1st period - Wrist shot by John Quenneville.
17:22 of 1st period - Stopped by Darcy Kuemper with a rebound.
17:24 of 1st period - Snap shot by Carter Ashton.
17:24 of 1st period - Shot Misses the Net.
17:28 of 1st period - Snap shot by Carter Ashton.
17:28 of 1st period - Stopped by Darcy Kuemper with a rebound.
17:44 of 1st period - Wrist shot by Zach Aston-Reese.
17:44 of 1st period - Stopped by Louis Domingue with a rebound.
17:58 of 1st period - Erik Condra is hit by Mattias Tedenby and loses puck.
18:40 of 1st period - Wrist shot by Anthony Duclair.
18:40 of 1st period - Shot Blocked by Fredrik Claesson.
18:42 of 1st period - Wrist shot by Joel Edmundson.
18:42 of 1st period - Stopped by Louis Domingue without a rebound.
18:43 of 1st period - Drake Caggiula wins face-off versus Elias Lindholm in Punishers zone.
18:48 of 1st period - Snap shot by Dmitrij Jaskin.
18:48 of 1st period - Shot Misses the Net.
18:50 of 1st period - Slapshot by Stefan Elliott.
18:50 of 1st period - Stopped by Louis Domingue with a rebound.
19:18 of 1st period - Slapshot by Daniel Carr.
19:18 of 1st period - Shot Blocked by Brett Kulak.
19:54 of 1st period - Wrist shot by Anton Blidh.
19:54 of 1st period - Stopped by Darcy Kuemper with a rebound.
19:56 of 1st period - Slapshot by Fredrik Claesson.
19:56 of 1st period - Shot Misses the Net.
Goals for this period are 0 for Punishers vs 0 for Sewer Rats.
Shots for this period are 11 for Punishers vs 16 for Sewer Rats.

2nd period


0:01 of 2nd period - Vincent Trocheck wins face-off versus Radek Faksa in neutral zone.
0:11 of 2nd period - Minor Penalty to Miikka Salomaki for Tripping.
0:12 of 2nd period - Vincent Trocheck wins face-off versus Mattias Tedenby in Punishers zone.
0:18 of 2nd period - Snap shot by Mark Mancari.
0:18 of 2nd period - Shot Blocked by Adam Pelech.
0:48 of 2nd period - Wrist shot by Erik Condra.
0:48 of 2nd period - Goal by Erik Condra - Punishers : 0 - Sewer Rats : 1.
0:49 of 2nd period - Daniel Carr wins face-off versus Radek Faksa in neutral zone.
0:52 of 2nd period - Snap shot by Mark Mancari.
0:52 of 2nd period - Shot Misses the Net.
0:54 of 2nd period - Snap shot by Daniel Carr.
0:54 of 2nd period - Stopped by Louis Domingue with a rebound.
0:56 of 2nd period - Slapshot by Jarred Tinordi.
0:56 of 2nd period - Stopped by Louis Domingue with a rebound.
0:58 of 2nd period - Snap shot by Stefan Elliott.
0:58 of 2nd period - Stopped by Louis Domingue with a rebound.
1:00 of 2nd period - Slapshot by Stefan Elliott.
1:00 of 2nd period - Stopped by Louis Domingue without a rebound.
1:01 of 2nd period - Vincent Trocheck wins face-off versus Radek Faksa in Punishers zone.
1:06 of 2nd period - Snap shot by Daniel Carr.
1:06 of 2nd period - Stopped by Louis Domingue without a rebound.
1:07 of 2nd period - Vincent Trocheck wins face-off versus Miikka Salomaki in Punishers zone.
1:32 of 2nd period - Slapshot by Tyler Bertuzzi.
1:32 of 2nd period - Stopped by Darcy Kuemper with a rebound.
1:52 of 2nd period - Slapshot by Dmitrij Jaskin.
1:52 of 2nd period - Stopped by Louis Domingue with a rebound.
1:54 of 2nd period - Wrist shot by Drake Caggiula.
1:54 of 2nd period - Stopped by Louis Domingue without a rebound.
1:55 of 2nd period - Drake Caggiula wins face-off versus John Quenneville in Punishers zone.
2:02 of 2nd period - Snap shot by Drake Caggiula.
2:02 of 2nd period - Shot Misses the Net.
2:04 of 2nd period - Minor Penalty to Joseph Cramarossa for Hooking.
2:05 of 2nd period - Vincent Trocheck wins face-off versus Miikka Salomaki in Punishers zone.
2:30 of 2nd period - Miikka Salomaki is hit by Erik Condra.
3:46 of 2nd period - Madison Bowey is hit by John Ramage and loses puck.
4:04 of 2nd period - Penalty to Joseph Cramarossa is over, Joseph Cramarossa is back on ice.
4:19 of 2nd period - Slapshot by Carter Ashton.
4:19 of 2nd period - Shot Misses the Net.
4:21 of 2nd period - Snap shot by Carter Ashton.
4:21 of 2nd period - Stopped by Darcy Kuemper without a rebound.
4:22 of 2nd period - Jared McCann wins face-off versus Daniel Audette in Sewer Rats zone.
4:54 of 2nd period - Slapshot by Carter Ashton.
4:54 of 2nd period - Goal by Carter Ashton - Punishers : 1 - Sewer Rats : 1.
4:55 of 2nd period - Vincent Trocheck wins face-off versus Radek Faksa in neutral zone.
4:57 of 2nd period - Minor Penalty to Mark Mancari for Holding.
4:58 of 2nd period - Radek Faksa wins face-off versus Vincent Trocheck in Sewer Rats zone.
5:08 of 2nd period - Wrist shot by Radek Faksa.
5:08 of 2nd period - Deflect By Miikka Salomaki.
5:08 of 2nd period - Goal by Miikka Salomaki - Punishers : 2 - Sewer Rats : 1.
5:09 of 2nd period - Vincent Trocheck wins face-off versus Radek Faksa in neutral zone.
5:19 of 2nd period - Off-side.
5:20 of 2nd period - Vincent Trocheck wins face-off versus Radek Faksa in neutral zone.
5:25 of 2nd period - Snap shot by Vincent Trocheck.
5:25 of 2nd period - Shot Misses the Net.
5:27 of 2nd period - Slapshot by Stefan Elliott.
5:27 of 2nd period - Deflect By Madison Bowey.
5:27 of 2nd period - Stopped by Louis Domingue with a rebound.
6:26 of 2nd period - Icing by Brett Kulak.
6:27 of 2nd period - Jared McCann wins face-off versus John Quenneville in Punishers zone.
6:51 of 2nd period - Off-side.
6:52 of 2nd period - Vincent Trocheck wins face-off versus Elias Lindholm in neutral zone.
7:19 of 2nd period - Madison Bowey is hit by Erik Condra and loses puck.
7:28 of 2nd period - Wrist shot by Miikka Salomaki.
7:28 of 2nd period - Stopped by Darcy Kuemper without a rebound.
7:29 of 2nd period - John Quenneville wins face-off versus Jonathan Marchessault in Sewer Rats zone.
7:32 of 2nd period - Snap shot by John Quenneville.
7:32 of 2nd period - Stopped by Darcy Kuemper without a rebound.
7:33 of 2nd period - Erik Condra wins face-off versus John Quenneville in Sewer Rats zone.
7:37 of 2nd period - Off-side.
7:38 of 2nd period - Jonathan Marchessault wins face-off versus Joseph Cramarossa in neutral zone.
7:43 of 2nd period - Wrist shot by Erik Condra.
7:43 of 2nd period - Stopped by Louis Domingue with a rebound.
7:47 of 2nd period - Wrist shot by Jonathan Marchessault.
7:47 of 2nd period - Shot Misses the Net.
7:49 of 2nd period - Wrist shot by Jonathan Marchessault.
7:49 of 2nd period - Shot Misses the Net.
7:51 of 2nd period - Wrist shot by Joseph Blandisi.
7:51 of 2nd period - Shot Misses the Net.
7:53 of 2nd period - Wrist shot by Erik Condra.
7:53 of 2nd period - Stopped by Louis Domingue with a rebound.
7:55 of 2nd period - Slapshot by Joseph Blandisi.
7:55 of 2nd period - Stopped by Louis Domingue with a rebound.
7:57 of 2nd period - Snap shot by Jonathan Marchessault.
7:57 of 2nd period - Shot Misses the Net.
7:59 of 2nd period - Snap shot by Jonathan Marchessault.
7:59 of 2nd period - Shot Misses the Net.
8:01 of 2nd period - Slapshot by Joel Edmundson.
8:01 of 2nd period - Stopped by Louis Domingue without a rebound.
8:02 of 2nd period - Vincent Trocheck wins face-off versus Radek Faksa in Punishers zone.
8:13 of 2nd period - Snap shot by Miikka Salomaki.
8:13 of 2nd period - Shot Blocked by Stefan Elliott.
8:15 of 2nd period - Slapshot by Miikka Salomaki.
8:15 of 2nd period - Stopped by Darcy Kuemper without a rebound.
8:16 of 2nd period - Elias Lindholm wins face-off versus Vincent Trocheck in Sewer Rats zone.
8:41 of 2nd period - Tyler Bertuzzi is hit by Jonathan Marchessault and loses puck.
9:08 of 2nd period - Daniel Audette is hit by John Ramage and loses puck.
9:20 of 2nd period - Icing by Daniel Audette.
9:21 of 2nd period - Jared McCann wins face-off versus Daniel Audette in Punishers zone.
9:28 of 2nd period - Snap shot by Daniel Carr.
9:28 of 2nd period - Stopped by Louis Domingue without a rebound.
9:29 of 2nd period - Radek Faksa wins face-off versus Vincent Trocheck in Punishers zone.
9:31 of 2nd period - Minor Penalty to Radek Faksa for Hooking.
9:32 of 2nd period - Miikka Salomaki wins face-off versus Vincent Trocheck in Punishers zone.
9:46 of 2nd period - Mattias Tedenby is hit by Mark Mancari and loses puck.
9:57 of 2nd period - Adam Pelech is hit by Erik Condra and loses puck.
11:31 of 2nd period - Penalty to Radek Faksa is over, Radek Faksa is back on ice.
12:00 of 2nd period - Joseph Cramarossa is hit by Ryan Murphy and loses puck.
12:13 of 2nd period - Minor Penalty to Jared McCann for Kneeing.
12:14 of 2nd period - Vincent Trocheck wins face-off versus Radek Faksa in Sewer Rats zone.
12:20 of 2nd period - Icing by Madison Bowey.
12:21 of 2nd period - Vincent Trocheck wins face-off versus Radek Faksa in Punishers zone.
12:28 of 2nd period - Slapshot by Adam Pelech.
12:28 of 2nd period - Stopped by Darcy Kuemper with a rebound.
12:30 of 2nd period - Wrist shot by Miikka Salomaki.
12:30 of 2nd period - Shot Misses the Net.
12:32 of 2nd period - Slapshot by Madison Bowey.
12:32 of 2nd period - Deflect By Jarred Tinordi.
12:32 of 2nd period - Goal by Madison Bowey - Punishers : 3 - Sewer Rats : 1.
12:33 of 2nd period - Radek Faksa wins face-off versus Vincent Trocheck in neutral zone.
12:58 of 2nd period - Nikita Gusev is hit by Joseph Blandisi and loses puck.
13:17 of 2nd period - Minor Penalty to Nikita Gusev for Slashing.
13:18 of 2nd period - Mark Mancari wins face-off versus Miikka Salomaki in Punishers zone.
13:31 of 2nd period - Wrist shot by Vincent Trocheck.
13:31 of 2nd period - Shot Misses the Net.
13:33 of 2nd period - Snap shot by Daniel Carr.
13:33 of 2nd period - Stopped by Louis Domingue with a rebound.
15:17 of 2nd period - Penalty to Nikita Gusev is over, Nikita Gusev is back on ice.
15:28 of 2nd period - Wrist shot by Jared McCann.
15:28 of 2nd period - Shot Misses the Net.
15:30 of 2nd period - Slapshot by Ryan Murphy.
15:30 of 2nd period - Deflect By Jared McCann.
15:30 of 2nd period - Shot Misses the Net.
15:30 of 2nd period - Puck is out of play.
15:31 of 2nd period - Jared McCann wins face-off versus John Quenneville in Punishers zone.
16:26 of 2nd period - Slapshot by Connor Carrick.
16:26 of 2nd period - Stopped by Louis Domingue with a rebound.
16:28 of 2nd period - Snap shot by Connor Carrick.
16:28 of 2nd period - Deflect By Zach Aston-Reese.
16:28 of 2nd period - Stopped by Louis Domingue with a rebound.
16:30 of 2nd period - Wrist shot by Zach Aston-Reese.
16:30 of 2nd period - Stopped by Louis Domingue without a rebound.
16:31 of 2nd period - Radek Faksa wins face-off versus Vincent Trocheck in Punishers zone.
16:31 of 2nd period - Radek Faksa is hit by Mark Mancari.
16:39 of 2nd period - Slapshot by Miikka Salomaki.
16:39 of 2nd period - Shot Misses the Net.
17:05 of 2nd period - Wrist shot by Mattias Tedenby.
17:05 of 2nd period - Shot Misses the Net.
17:57 of 2nd period - Wrist shot by Mattias Tedenby.
17:57 of 2nd period - Stopped by Darcy Kuemper without a rebound.
17:58 of 2nd period - Drake Caggiula wins face-off versus Elias Lindholm in Sewer Rats zone.
18:10 of 2nd period - Slapshot by Stefan Elliott.
18:10 of 2nd period - Stopped by Louis Domingue without a rebound.
18:11 of 2nd period - Vincent Trocheck wins face-off versus Radek Faksa in Punishers zone.
18:36 of 2nd period - Stefan Elliott is hit by Nikita Gusev and loses puck.
19:01 of 2nd period - Slapshot by Dmitrij Jaskin.
19:01 of 2nd period - Stopped by Louis Domingue with a rebound.
19:03 of 2nd period - Wrist shot by Drake Caggiula.
19:03 of 2nd period - Shot Misses the Net.
19:05 of 2nd period - Backhand shot by Anthony Duclair.
19:05 of 2nd period - Deflect By Brett Kulak.
19:05 of 2nd period - Shot Blocked by Brett Kulak.
19:05 of 2nd period - Puck is out of play.
19:06 of 2nd period - Vincent Trocheck wins face-off versus Radek Faksa in Punishers zone.
19:31 of 2nd period - Joel Edmundson is hit by Mattias Tedenby and loses puck.
Goals for this period are 3 for Punishers vs 1 for Sewer Rats.
Shots for this period are 10 for Punishers vs 20 for Sewer Rats.

3rd period


0:01 of 3rd period - Radek Faksa wins face-off versus Daniel Carr in neutral zone.
0:14 of 3rd period - Wrist shot by Radek Faksa.
0:14 of 3rd period - Stopped by Darcy Kuemper without a rebound.
0:15 of 3rd period - Elias Lindholm wins face-off versus Jonathan Marchessault in Sewer Rats zone.
0:20 of 3rd period - Snap shot by Elias Lindholm.
0:20 of 3rd period - Stopped by Darcy Kuemper with a rebound.
0:22 of 3rd period - Wrist shot by Madison Bowey.
0:22 of 3rd period - Stopped by Darcy Kuemper without a rebound.
0:23 of 3rd period - Jonathan Marchessault wins face-off versus Elias Lindholm in Sewer Rats zone.
0:23 of 3rd period - Jonathan Marchessault is hit by Nikita Gusev.
0:26 of 3rd period - Minor Penalty to Jarred Tinordi for Holding.
0:27 of 3rd period - Vincent Trocheck wins face-off versus Radek Faksa in Sewer Rats zone.
0:27 of 3rd period - Vincent Trocheck is hit by Miikka Salomaki.
0:41 of 3rd period - Slapshot by Adam Pelech.
0:41 of 3rd period - Stopped by Darcy Kuemper without a rebound.
0:42 of 3rd period - Radek Faksa wins face-off versus Vincent Trocheck in Sewer Rats zone.
0:49 of 3rd period - Wrist shot by Radek Faksa.
0:49 of 3rd period - Stopped by Darcy Kuemper without a rebound.
0:50 of 3rd period - Tyler Bertuzzi wins face-off versus Vincent Trocheck in Sewer Rats zone.
2:26 of 3rd period - Penalty to Jarred Tinordi is over, Jarred Tinordi is back on ice.
3:34 of 3rd period - Joseph Blandisi is hit by Anton Blidh and loses puck.
4:21 of 3rd period - Snap shot by Carter Ashton.
4:21 of 3rd period - Stopped by Darcy Kuemper without a rebound.
4:22 of 3rd period - Jonathan Marchessault wins face-off versus John Quenneville in Sewer Rats zone.
4:36 of 3rd period - Wrist shot by Carter Ashton.
4:36 of 3rd period - Shot Blocked by Joel Edmundson.
4:46 of 3rd period - Miikka Salomaki is hit by Daniel Carr and loses puck.
6:09 of 3rd period - Wrist shot by Mattias Tedenby.
6:09 of 3rd period - Shot Hit the Post.
6:33 of 3rd period - Slapshot by Stefan Elliott.
6:33 of 3rd period - Shot Misses the Net.
6:45 of 3rd period - Minor Penalty to Anton Blidh for Roughing.
6:46 of 3rd period - Vincent Trocheck wins face-off versus Miikka Salomaki in Punishers zone.
7:01 of 3rd period - Miikka Salomaki is hit by Daniel Carr and loses puck.
7:16 of 3rd period - Adam Pelech is hit by Joel Edmundson and loses puck.
8:45 of 3rd period - Penalty to Anton Blidh is over, Anton Blidh is back on ice.
8:45 of 3rd period - Joel Edmundson is hit by Adam Pelech and loses puck.
9:02 of 3rd period - Snap shot by John Quenneville.
9:02 of 3rd period - Shot Blocked by Connor Carrick.
9:28 of 3rd period - Off-side.
9:29 of 3rd period - Jared McCann wins face-off versus Radek Faksa in neutral zone.
10:04 of 3rd period - Snap shot by Elias Lindholm.
10:04 of 3rd period - Deflect By Mattias Tedenby.
10:04 of 3rd period - Shot Blocked by John Ramage.
10:04 of 3rd period - Puck is out of play.
10:05 of 3rd period - Carter Ashton wins face-off versus Jonathan Marchessault in Sewer Rats zone.
10:08 of 3rd period - Slapshot by Joseph Cramarossa.
10:08 of 3rd period - Stopped by Darcy Kuemper without a rebound.
10:09 of 3rd period - John Quenneville wins face-off versus Jonathan Marchessault in Sewer Rats zone.
10:10 of 3rd period - Slapshot by Carter Ashton.
10:10 of 3rd period - Shot Misses the Net.
10:24 of 3rd period - Wrist shot by Carter Ashton.
10:24 of 3rd period - Stopped by Darcy Kuemper with a rebound.
10:40 of 3rd period - Slapshot by Mattias Tedenby.
10:40 of 3rd period - Stopped by Darcy Kuemper without a rebound.
10:41 of 3rd period - Elias Lindholm wins face-off versus Vincent Trocheck in Sewer Rats zone.
11:13 of 3rd period - Snap shot by Vincent Trocheck.
11:13 of 3rd period - Shot Misses the Net.
12:11 of 3rd period - Snap shot by Nikita Gusev.
12:11 of 3rd period - Shot Blocked by Joel Edmundson.
12:25 of 3rd period - Slapshot by Mark Mancari.
12:25 of 3rd period - Deflect By Daniel Carr.
12:25 of 3rd period - Shot Blocked by Mattias Tedenby.
12:25 of 3rd period - Puck is out of play.
12:26 of 3rd period - Radek Faksa wins face-off versus Jonathan Marchessault in Punishers zone.
12:51 of 3rd period - Dmitrij Jaskin is hit by Brett Kulak and loses puck.
13:14 of 3rd period - Snap shot by Anton Blidh.
13:14 of 3rd period - Shot Misses the Net.
13:16 of 3rd period - Slapshot by Fredrik Claesson.
13:16 of 3rd period - Stopped by Darcy Kuemper with a rebound.
13:36 of 3rd period - Snap shot by Miikka Salomaki.
13:36 of 3rd period - Stopped by Darcy Kuemper without a rebound.
13:37 of 3rd period - Radek Faksa wins face-off versus Joseph Blandisi in Sewer Rats zone.
14:00 of 3rd period - Slapshot by Jonathan Marchessault.
14:00 of 3rd period - Stopped by Louis Domingue with a rebound.
14:02 of 3rd period - Wrist shot by Joseph Blandisi.
14:02 of 3rd period - Stopped by Louis Domingue with a rebound.
14:04 of 3rd period - Wrist shot by Erik Condra.
14:04 of 3rd period - Stopped by Louis Domingue with a rebound.
14:06 of 3rd period - Backhand shot by Xavier Ouellet.
14:06 of 3rd period - Shot Blocked by Connor Clifton.
14:11 of 3rd period - Slapshot by Thomas Chabot.
14:11 of 3rd period - Shot Blocked by Noah Juulsen.
14:13 of 3rd period - Wrist shot by Erik Condra.
14:13 of 3rd period - Stopped by Louis Domingue without a rebound.
14:14 of 3rd period - Drake Caggiula wins face-off versus John Quenneville in Punishers zone.
14:15 of 3rd period - Backhand shot by Dmitrij Jaskin.
14:15 of 3rd period - Stopped by Louis Domingue with a rebound.
15:11 of 3rd period - Minor Penalty to Daniel Carr for Hooking.
15:12 of 3rd period - Vincent Trocheck wins face-off versus Radek Faksa in Sewer Rats zone.
15:33 of 3rd period - Vincent Trocheck is hit by Radek Faksa and loses puck.
17:09 of 3rd period - Icing by Michael Joly.
17:10 of 3rd period - Elias Lindholm wins face-off versus Vincent Trocheck in Punishers zone.
17:11 of 3rd period - Penalty to Daniel Carr is over, Daniel Carr is back on ice.
17:29 of 3rd period - Off-side.
17:30 of 3rd period - Carter Ashton wins face-off versus Drake Caggiula in neutral zone.
17:55 of 3rd period - Daniel Carr is hit by Tyler Bertuzzi and loses puck.
18:24 of 3rd period - Mattias Tedenby is hit by Stefan Elliott and loses puck.
18:37 of 3rd period - Slapshot by Austen Brassard.
18:37 of 3rd period - Stopped by Darcy Kuemper with a rebound.
18:39 of 3rd period - Snap shot by Daniel Audette.
18:39 of 3rd period - Shot Misses the Net.
18:41 of 3rd period - Slapshot by Connor Clifton.
18:41 of 3rd period - Shot Misses the Net.
18:43 of 3rd period - Wrist shot by Connor Clifton.
18:43 of 3rd period - Stopped by Darcy Kuemper with a rebound.
18:45 of 3rd period - Wrist shot by Austen Brassard.
18:45 of 3rd period - Shot Misses the Net.
18:47 of 3rd period - Snap shot by Austen Brassard.
18:47 of 3rd period - Stopped by Darcy Kuemper with a rebound.
19:11 of 3rd period - Drake Caggiula is hit by John Quenneville and loses puck.
19:19 of 3rd period - Icing by John Ramage.
19:20 of 3rd period - Jonathan Marchessault wins face-off versus Elias Lindholm in Sewer Rats zone.
19:20 of 3rd period - Jonathan Marchessault is hit by Mattias Tedenby.
19:25 of 3rd period - Joel Edmundson is hit by Elias Lindholm and loses puck.
Goals for this period are 0 for Punishers vs 0 for Sewer Rats.
Shots for this period are 14 for Punishers vs 5 for Sewer Rats.